 Dungeon Crawl Stone Soup version 0.29.1-12-g30fa7ad0bf (webtiles) character file.

Game seed: 1364048927096614663

114031 devnull the Champion of Chaos (level 16, 0/145 HPs)
             Began as a Ghoul Gladiator on Dec 30, 2022.
             Was the Champion of Makhleb.
             Slain by a spark wasp (15 damage)
             ... on level 1 of the Spider Nest on Jan 1, 2023.
             The game lasted 02:30:33 (32939 turns).

devnull the Champion of Chaos (Ghoul Gladiator)    Turns: 32939, Time: 02:30:34

Health: 0/145      AC: 26    Str: 28 (30) XL:     16   Next: 64%
Magic:  3/25       EV: 11    Int:  9      God:    Makhleb [******]
Gold:   419        SH: 15    Dex: 14 (16) Spells: 15/15 levels left

rFire   . . .      SeeInvis .   a - +7 long sword "Giant's Demise" {spect, +Blink Dex+3}
rCold   + . .      Faith    .   z - +0 kite shield
rNeg    + + +      Spirit   .   E - +1 plate armour
rPois   ∞          Reflect  +   c - +1 helmet
rElec   .          Harm     .   d - +1 cloak
rCorr   .          Rampage  .   h - +1 pair of gloves
Will    +....                   L - +2 pair of boots
Stlth   ..........              C - amulet of the Traitor {Reflect Int+4 Dex+3 SH+5}
HPRegen 0.00/turn               U - +6 ring of strength
MPRegen 0.19/turn               m - +4 ring of evasion

@: inhibited regen, studying Long Blades
A: claws 1, cold resistance 1, negative energy resistance 3, inhibited
regeneration, torment resistance 2, devour on kill
a: Renounce Religion, Evoke Blink, Minor Destruction, Lesser Servant of Makhleb,
Major Destruction, Greater Servant of Makhleb


You were on level 1 of the Spider Nest.
You worshipped Makhleb.
Makhleb was exalted by your worship.
You visited 5 branches of the dungeon, and saw 25 of its levels.
You also visited: Ice Cave and Volcano.

You collected 2177 gold pieces.
You spent 1758 gold pieces at shops.

Inventory:

Hand Weapons
 a - the +7 long sword "Giant's Demise" (weapon) {spect, +Blink Dex+3}
   (You found it on level 5 of the Dungeon)

   When its wielder attacks, the weapon's spirit leaps out and strikes again.
   The spirit shares a part of any damage it takes with its wielder.
   Dex:       It affects your dexterity (+3).
   +Blink:    It lets you blink.
 b - a +7 broad axe of chaos
 t - a +1 scimitar of flaming
Missiles
 u - 4 curare-tipped darts
 K - 7 javelins
 O - 5 boomerangs of dispersal (quivered)
 P - 6 silver javelins
Armour
 c - a +1 helmet (worn)
 d - a +1 cloak (worn)
 h - a +1 pair of gloves (worn)
 z - a +0 kite shield (worn)
 E - a +1 plate armour (worn)
 L - a +2 pair of boots (worn)
 M - a scarf of resistance
Jewellery
 j - an amulet of the acrobat
 m - a +4 ring of evasion (right hand)
 s - a ring of protection from cold
 C - the amulet of the Traitor (around neck) {Reflect Int+4 Dex+3 SH+5}
   (You bought it in a shop on level 2 of the Orcish Mines)

   [amulet of reflection]

   It reflects blocked missile attacks.
   Int:       It affects your intelligence (+4).
   Dex:       It affects your dexterity (+3).
   SH:        It affects your SH (+5).
 D - the ring "Noin" {rElec rC+ Will+ Int+4 Dex-4}
   (You found it in an ice cave)

   [ring of protection from cold]

   Int:       It affects your intelligence (+4).
   Dex:       It affects your dexterity (-4).
   rC:        It protects you from cold.
   rElec:     It insulates you from electricity.
   Will:      It increases your willpower.
 F - a +6 ring of dexterity
 N - a ring of resist corrosion
 Q - a +6 ring of dexterity
 S - a ring of protection from cold
 U - a +6 ring of strength (left hand)
 V - a ring of flight
Wands
 v - a wand of charming (5)
 y - a wand of flame (30)
 Y - a wand of mindburst (4)
 Z - a wand of acid (20)
Scrolls
 g - 5 scrolls of fog
 k - 8 scrolls of teleportation
 o - 3 scrolls of fear
 q - 4 scrolls of vulnerability
 r - 2 scrolls of magic mapping
 w - a scroll of blinking
 R - 3 scrolls of poison
 X - 2 scrolls of silence
Potions
 e - 9 potions of curing
 f - 13 potions of ambrosia
 i - 4 potions of invisibility
 l - 2 potions of magic {unknown}
 p - a potion of might
 x - 6 potions of attraction
 A - 4 potions of flight {unknown}
 B - 5 potions of cancellation {unknown}
 G - 5 potions of degeneration {unknown}
 H - 3 potions of resistance
 I - 2 potions of lignification {unknown}
 J - 3 potions of berserk rage {unknown}
 T - a potion of haste
 W - 3 potions of mutation {unknown}


   Skills:
 - Level 13.9 Fighting
 - Level 14.0 Long Blades
 - Level 8.0 Axes
 - Level 4.8 Throwing
 - Level 10.5 Armour
 - Level 2.6 Dodging
 - Level 7.0 Shields
 + Level 14.1 Invocations
 - Level 10.2 Evocations


You had 15 spell levels left.
You didn't know any spells.
Your spell library contained the following spells:

 Spells                   Type           Power      Damage    Failure   Level
 Foxfire                  Conj/Fire      0%         2x1d4     100%        1
 Freeze                   Ice            0%         1d3       100%        1
 Sting                    Tmut/Pois      0%         1d3       100%        1
 Ensorcelled Hibernation  Hex/Ice        0%         N/A       100%        2
 Passwall                 Tmut/Erth      0%         N/A       100%        2
 Poisonous Vapours        Pois/Air       0%         N/A       100%        2
 Call Canine Familiar     Summ           0%         N/A       100%        3
 Conjure Flame            Conj/Fire      0%         6-21      100%        3
 Inner Flame              Hex/Fire       0%         N/A       100%        3
 Lesser Beckoning         Tloc           0%         N/A       100%        3
 Ozocubu's Armour         Ice            0%         N/A       100%        3
 Swiftness                Air            0%         N/A       100%        3
 Animate Dead             Necr           0%         N/A       100%        4
 Flame Wave               Conj/Fire      0%         2d4       100%        4
 Hailstorm                Conj/Ice       0%         3d3       100%        4
 Olgreb's Toxic Radiance  Pois           0%         N/A       100%        4
 Passage of Golubria      Tloc           0%         N/A       100%        4
 Freezing Cloud           Conj/Ice/Air   0%         6-21      100%        5
 Metabolic Englaciation   Hex/Ice        0%         N/A       100%        5
 Dispersal                Tloc           0%         N/A       100%        6
 Simulacrum               Ice/Necr       0%         N/A       100%        6
 Malign Gateway           Summ/Tloc      0%         N/A       100%        7
 Ozocubu's Refrigeration  Ice            0%         4d7       100%        7
 Infestation              Necr           0%         N/A       100%        8
 Summon Horrible Things   Summ           0%         N/A       100%        8
 Polar Vortex             Ice            0%         N/A       100%        9


Dungeon Overview and Level Annotations

Branches:
Dungeon (15/15)            Temple (1/1) D:6            Lair (5/5) D:9
  Swamp (0/4) Lair:3       Spider (2/4) Lair:3        Slime (0/5) Lair:5
    Orc (2/2) D:9             Elf (0/3) Orc:2        Vaults (0/5) D:13
 Depths (0/4) D:15          IceCv (visited)         Volcano (visited)

Altars:
Ashenzari
Cheibriados
Dithmenos
Fedhas
Gozag
Hepliaklqana
Kikubaaqudgha
Makhleb
Nemelex Xobeh
Okawaru
Qazlal
Ru
Sif Muna
Trog
Uskayaw
Vehumet
Wu Jian
Xom
Yredelemnul
Jiyva

Shops:
D:6 :   D:8 (   D:9 [   Orc:2 ![=(=


Innate Abilities, Weirdness & Mutations

You are immune to poison.
You have sharp fingernails.
Your flesh is cold resistant. (rC+)
You are immune to negative energy. (rN+++)
You do not regenerate when monsters are visible.
You are immune to unholy pain and torment.
You thrive by killing the living.


Message History

The spark wasp stings you!
* * * LOW HITPOINT WARNING * * *
The spark wasp shocks you!
* * * LOW HITPOINT WARNING * * *
The radroach attacks as you move away! The radroach bites you!
* * * LOW HITPOINT WARNING * * *
You block the radroach's attack.
There is a stone staircase leading up here.
Unknown command.
Unknown command.
Unknown command.
Unknown command.
You feel much better. You block the spark wasp's attack.
The radroach bites you.
* * * LOW HITPOINT WARNING * * *
The radroach closely misses you. The spark wasp misses you.
You blink.
You feel stable enough to blink again.
You feel you are being watched by something.
You feel your power leaking away.
You feel you are being watched by something.
You block something's attack. Something hits you!
* * * LOW HITPOINT WARNING * * *
You feel clumsy.
Something stings you but does no damage.
Okay, then.
Unknown command.
Unknown command.
Blink to where?
Press: ? - help, Dir - move target
As you read the scroll of blinking, it crumbles to dust.
There is a stone staircase leading up here.
You block the spark wasp's attack.
You climb upwards.
Reactivating autopickup.
There is a stone staircase leading down here.
You feel better. The spark wasp stings you.
* * * LOW HITPOINT WARNING * * *
The spark wasp shocks you!
You die...

.....# ##^##.........##.....##
.....# #.####....^(.###.[..)####
.....# #.# ##.....## #........#
.."..# ##.## #.....# ##........
.....###...#####....# #.........
...............#...#####.........
...........###....[###...........
.....####### ###.y.....####......
.....# #@...#### ##.^... ######
###### ######


You could see a spark wasp.

Vanquished Creatures
  Jorgrun (Spider:2)
  Asterion (Spider:1)
  2 emperor scorpions (Spider:1)
  A spark wasp (Spider:2)
  Josephine (D:11)
  5 hydras
  A rakshasa (D:14)
  Fannar (Orc:1)
  8 boulder beetles
  2 catoblepae (D:13)
  A radroach (Spider:2)
  4 centaur warriors
  3 death yaks (Lair:5)
  5 two-headed ogres
  3 orc high priests (Orc:2)
  Urug (D:13)
  Nergalle (Lair:1)
  Sonja (Lair:1)
  2 skeletal warriors
  2 pharaoh ants (Spider:2)
  A lindwurm (Lair:5)
  A flayed ghost (D:15)
  2 orb spiders
  A shadow dragon zombie (D:15)
  2 necromancers
  4 deep elf pyromancers
  6 orc sorcerers
  5 orc knights
  3 cyclopes
  14 ugly things
  A manticore (D:13)
  A fire giant zombie (D:15)
  A moth of wrath (Spider:1)
  8 wolf spiders
  5 elephants (Lair:5)
  An ice statue (IceCv)
  2 torpor snails
  3 black mambas
  16 cane toads
  3 demonic crawlers (Spider:1)
  2 efreet
  An unseen horror (D:12)
  2 rime drakes (Lair:1)
  2 freezing wraiths (IceCv)
  4 komodo dragons
  2 anaconda simulacra (IceCv)
  11 ice devils (IceCv)
  2 trolls
  3 meliai (D:15)
  A queen bee (D:9)
  5 tyrant leeches
  13 tarantellas
  33 blink frogs
  Grinder (D:6)
  4 polar bears
  6 slime creatures (D:13)
  7 jumping spiders
  3 shadows
  4 dire elephant simulacra (IceCv)
  Sigmund (D:2)
  8 culicivoras
  58 yaks
  Eustachio (D:5)
  5 wraiths
  4 wyverns
  3 fire elementals (Volcano)
  28 redbacks
  4 basilisks
  5 death yak simulacra
  A steam dragon (D:8)
  5 vampire mosquitoes
  3 harpy simulacra (IceCv)
  2 glowing shapeshifter zombies (D:15)
  3 wargs (Orc:1)
  4 hell hounds (Volcano)
  7 water moccasins
  18 orc warriors
  15 ogres
  3 black bears
  A sky beast (D:7)
  3 centaurs
  3 wolves (Lair:2)
  2 phantoms
  4 kobold brigands
  2 gnoll sergeants
  15 bullfrogs
  6 scorpions
  A necrophage (D:7)
  6 cane toad simulacra
  10 wights
  3 elephant simulacra
  26 killer bees (D:9)
  3 howler monkeys
  6 electric eels (Lair:3)
  13 jellies
  6 hounds
  19 orc priests
  4 gnoll boudas
  Jessica (D:3)
  3 iguanas
  23 orc wizards
  3 spriggan simulacra (IceCv)
  Terence (D:1)
  6 wolf simulacra (IceCv)
  6 polar bear simulacra
  2 troll simulacra (IceCv)
  Robin (D:2)
  29 gnolls
  14 adders
  A naga simulacrum (IceCv)
  3 shadow imps
  An ufetubus (D:5)
  4 worms
  4 dart slugs
  82 orcs
  3 ball pythons
  5 bats (D:1)
  8 endoplasms
  3 giant cockroaches
  6 hobgoblins
  7 jackals
  27 kobolds
  A quokka (D:5)
  3 training dummies (D:8)
  4 frilled lizards
  14 goblins
  2 quokka zombies (D:8)
  7 rats
817 creatures vanquished.

Vanquished Creatures (collateral kills)
  An ironbound preserver (D:13)
  2 hydras
  Lodul (D:12)
  An orb spider (Spider:2)
  A manticore (D:13)
  A cane toad (Lair:5)
  2 demonic crawlers (Spider:1)
  A blink frog (Lair:4)
  A yak (Lair:5)
  2 redbacks
  Edmund (D:5)
  An orc warrior (Orc:2)
  A hobgoblin (D:3)
16 creatures vanquished.

Vanquished Creatures (others)
  An entropy weaver (Spider:2)
  An orc priest (Orc:2)
  A white imp (D:8)
  3 orcs
  A bush (Lair:5)
  17 fungi
  94 plants
118 creatures vanquished.

Grand Total: 951 creatures vanquished

Notes
Turn   | Place    | Note
-------+----------+-------------------------------------------
     0 | D:1      | devnull the Ghoul Gladiator began the quest for the Orb.
     0 | D:1      | Reached XP level 1. HP: 17/17 MP: 0/0
   129 | D:1      | Reached XP level 2. HP: 22/25 MP: 1/1
   267 | D:1      | Found a faded altar of an unknown god.
   461 | D:1      | Reached XP level 3. HP: 32/33 MP: 2/2
   672 | D:2      | Noticed Terence
   676 | D:2      | Noticed Sigmund
   703 | D:1      | Killed Terence
   704 | D:1      | Reached XP level 4. HP: 24/41 MP: 3/3
   905 | D:2      | Reached skill level 5 in Fighting
  1826 | D:3      | Reached XP level 5. HP: 48/48 MP: 4/4
  1888 | D:3      | Noticed Jessica
  1903 | D:3      | Killed Jessica
  2167 | D:3      | Noticed Robin
  2199 | D:2      | Killed Robin
  2522 | D:4      | Reached XP level 6. HP: 56/56 MP: 5/5
  2696 | D:4      | Reached skill level 5 in Axes
  3065 | D:5      | Entered Level 5 of the Dungeon
  3096 | D:5      | Noticed Eustachio
  3145 | D:5      | Killed Eustachio
  3146 | D:5      | Reached XP level 7. HP: 23/61 MP: 6/6
  3765 | D:5      | Noticed Edmund
  3804 | D:5      | Killed Edmund
  3805 | D:5      | Reached XP level 8. HP: 29/68 MP: 7/7
  4015 | D:5      | Found a bloodstained altar of Trog.
  4152 | D:5      | Reached skill level 1 in Armour
  4897 | D:5      | Identified the +7 long sword "Giant's Demise" {spect,
                  | +Blink Dex+3}
  5076 | D:5      | Reached skill level 5 in Armour
  5120 | D:5      | Reached XP level 9. HP: 61/74 MP: 8/8
  5558 | D:6      | Reached skill level 1 in Long Blades
  5657 | D:6      | Found Ixtin's Self-Improvement Boutique.
  5769 | D:6      | Found a staircase to the Ecumenical Temple.
  5776 | D:6      | Noticed Grinder
  5784 | Temple   | Entered the Ecumenical Temple
  6124 | Temple   | Became a worshipper of Makhleb the Destroyer
  6171 | D:6      | Killed Grinder
  6616 | D:7      | Reached skill level 5 in Long Blades
  7131 | D:7      | Reached skill level 1 in Evocations
  7140 | D:7      | Reached * piety under Makhleb
  7145 | D:8      | Reached XP level 10. HP: 76/81 MP: 9/9
  7262 | D:8      | HP: 4/81 [yak (8)]
  7589 | D:7      | Reached skill level 1 in Shields
  7754 | D:8      | Identified the +1 leather armour of Sysiaw {Contam Str+4
                  | Int+9}
  8103 | D:8      | Found Inlutwab's Firing Range.
  8141 | D:8      | Found a transporter.
  8144 | D:8      | Found a transporter.
  8145 | D:8      | Noticed a boulder beetle
  8148 | D:8      | Noticed a centaur warrior
  8152 | D:8      | Found a radiant altar of Vehumet.
  8163 | D:8      | Noticed a deep elf pyromancer
  8358 | D:9      | Got the Almanac of Adjuration and Conflagration
  8517 | D:9      | Reached ** piety under Makhleb
  8571 | D:9      | Found a staircase to the Orcish Mines.
  8628 | D:9      | Found a staircase to the Lair.
  8896 | D:9      | Reached skill level 5 in Evocations
  8944 | D:9      | Reached XP level 11. HP: 67/88 MP: 10/10
  9081 | D:9      | Found Mybbein's Armour Shop.
  9083 | D:9      | Reached *** piety under Makhleb
  9450 | D:9      | Noticed a two-headed ogre
  9455 | D:9      | Killed a two-headed ogre
  9528 | D:10     | Entered Level 10 of the Dungeon
 10799 | D:11     | Noticed a white ugly thing
 10811 | D:11     | Killed a white ugly thing
 11007 | D:11     | Reached skill level 5 in Shields
 11007 | D:11     | Reached XP level 12. HP: 33/94 MP: 11/11
 11303 | D:11     | Noticed a two-headed ogre
 11309 | D:11     | Killed a two-headed ogre
 11310 | D:11     | Reached skill level 10 in Evocations
 11600 | D:12     | Noticed a two-headed ogre
 11673 | D:12     | Noticed Josephine
 11678 | D:11     | Reached skill level 1 in Invocations
 12179 | D:11     | Killed Josephine
 12532 | D:12     | Noticed Lodul
 12532 | D:12     | Noticed a four-headed hydra
 12602 | D:12     | Got the Lectures on the Tesseract
 12738 | D:12     | Noticed a two-headed ogre
 12760 | D:12     | Killed a two-headed ogre
 12760 | D:12     | Reached **** piety under Makhleb
 13359 | D:2      | Killed Sigmund
 14206 | Lair:1   | Entered Level 1 of the Lair of Beasts
 14206 | Lair:1   | Noticed Sonja
 14207 | Lair:1   | Noticed Nergalle
 14209 | Lair:1   | Killed Sonja
 14244 | Lair:1   | Killed Nergalle
 14245 | Lair:1   | Reached skill level 5 in Invocations
 14340 | Lair:1   | Found a dark tunnel.
 14349 | Volcano  | Entered a volcano
 15668 | Lair:2   | Noticed a six-headed hydra
 15686 | Lair:2   | Killed a six-headed hydra
 16135 | Lair:2   | Reached XP level 13. HP: 98/101 MP: 19/19
 16599 | Lair:3   | Found a hole to the Spider Nest.
 17409 | Lair:3   | Reached ***** piety under Makhleb
 17443 | Lair:3   | Found a staircase to the Swamp.
 18102 | Lair:4   | Reached skill level 10 in Fighting
 18726 | Lair:5   | Entered Level 5 of the Lair of Beasts
 18808 | Lair:5   | Found a frozen archway.
 18848 | IceCv    | Entered an ice cave
 19382 | IceCv    | Found an ancient bone altar of Kikubaaqudgha.
 19823 | IceCv    | Reached XP level 14. HP: 121/121 MP: 20/20
 19837 | IceCv    | Reached skill level 10 in Long Blades
 19906 | IceCv    | Reached skill level 10 in Invocations
 19978 | IceCv    | Got the Book of Deathly Ice
 20313 | IceCv    | Identified the ring "Noin" {rElec rC+ Will+ Int+4 Dex-4}
 20485 | Lair:4   | Reached ****** piety under Makhleb
 21722 | Lair:5   | Found a staircase to the Slime Pits.
 21723 | Lair:5   | Found a viscous altar of Jiyva.
 22668 | Lair:5   | Reached skill level 10 in Armour
 22861 | Lair:5   | Identified the +3 spear "Bodih" {drain, Fragile rPois rN+++
                  | Stlth-}
 23119 | D:6      | Bought a manual of Long Blades for 880 gold pieces
 24146 | D:12     | Killed Lodul
 24314 | D:13     | Reached XP level 15. HP: 124/126 MP: 22/22
 24335 | D:13     | Found a shadowy altar of Dithmenos.
 24470 | D:13     | Noticed Urug
 24479 | D:13     | Killed Urug
 24923 | D:13     | Identified the +10 arbalest "Amutaag" {venom, Dex+5}
 25000 | D:13     | Found a gate to the Vaults.
 25469 | D:14     | Found an ornate altar of the Wu Jian Council.
 26107 | D:15     | Entered Level 15 of the Dungeon
 27219 | D:15     | Found a staircase to the Depths.
 27953 | Orc:1    | Entered Level 1 of the Orcish Mines
 28213 | Orc:1    | Noticed Fannar
 28234 | Orc:1    | Killed Fannar
 28481 | Orc:2    | Entered Level 2 of the Orcish Mines
 28605 | Orc:2    | Found a staircase to the Elven Halls.
 28801 | Orc:2    | Paralysed by an orc sorcerer for 4 turns
 29076 | Orc:2    | Found Poffyl's Distillery.
 29807 | Orc:1    | Reached XP level 16. HP: 106/144 MP: 23/23
 30175 | Orc:2    | Found Xaamethro's Antique Armour Boutique.
 30175 | Orc:2    | Found Gocaonit's Jewellery Emporium.
 30177 | Orc:2    | Found Wyadieh's Antique Weapon Boutique.
 30177 | Orc:2    | Found Soinais's Jewellery Emporium.
 30404 | Orc:2    | Bought the amulet of the Traitor {Reflect Int+4 Dex+3 SH+5}
                  | for 878 gold pieces
 30607 | Spider:1 | Entered Level 1 of the Spider Nest
 31166 | Spider:1 | Noticed Asterion
 31208 | Spider:1 | Killed Asterion
 32424 | Spider:2 | Noticed Jorgrun
 32437 | Spider:2 | Killed Jorgrun
 32480 | Spider:1 | HP: 7/145 [wolf spider (6)]
 32921 | Spider:2 | HP: 3/145 [radroach (7)]
 32939 | Spider:1 | Slain by a spark wasp

Illustrated notes

Levels and vault maps discovered:
D:1:      dpeg_arrival_arbitrary_b, layout_rooms,
          shapermc_ecumenical_altar_pompeii
D:2:      layout_basic, chequers_serial_rivers_micro_e,
          nicolae_concentric_dashed_squares_wild, kennysheep_pointless_box,
          uniq_sigmund, uniq_terence
D:3:      layout_basic, minmay_misc_feat_diagonals, uniq_robin, uniq_jessica
D:4:      layout_rooms
D:5:      minmay_clustersquares, layout_basic, kennysheep_mini,
          lemuel_flame_loot_1, uniq_eustachio, uniq_edmund
D:6:      layout_gridville, minmay_temple_entry_sparse_star,
          nicolae_shop_self_help, uniq_grinder
D:7:      layout_cave_pools, minivault_19
D:8:      gammafunk_the_bubble [the_bubble_gammafunk_split], layout_cave_pools,
          chequers_temple_overflow_statue_of_worship, enter_ossuary_4,
          nicolae_shop_firing_range
D:9:      layout_roguey [special_room_bee], dpeg_oklobed_lair,
          hiddenorc1_lemuel, serial_shops, shop
D:10:     layout_small_grid, minmay_misc_feat_tower
D:11:     layout_roguey
D:12:     layout_basic, uniq_lodul, uniq_josephine
D:13:     layout_basic, skrybe_vaults_entry_preservation, dk_noncrumbling_3,
          grunt_dithmenos_shadows, uniq_urug
D:14:     layout_rooms, nzn_wu_jian_contemplation, hex_tiny
D:15:     gammafunk_depths_entry_grave, layout_stronghold
Temple:   compressed_dpeg_triangle_lava_temple
Lair:1:   layout_gridlike, nicolae_volcano_entry_two_sided, uniq_nergalle,
          uniq_sonja
Lair:2:   layout_chaotic_city
Lair:3:   layout_roguey, minmay_swamp_entry_eels,
          nicolae_spider_entry_orb_guardian, st_stairs_6,
          cheibrodos_lair_reptile_den
Lair:4:   layout_long_grid
Lair:5:   minmay_lair_end_frog_pond, layout_big_grid,
          minmay_slime_entry_jelly_boxes, portal_ice_cave_entry_ice_simulacra
Spider:1: layout_cave_pods, uniq_asterion
Spider:2: layout_spider_delve, uniq_roxanne, uniq_jorgrun
Orc:1:    layout_caves, serial_shops, nicolae_orc_jurassic_orc, uniq_fannar
Orc:2:    grunt_orc_tribal_feast, layout_diamond_mine, serial_shops, shop,
          basic_altar

Skill      XL: |  1  2  3  4  5  6  7  8  9 10 11 12 13 14 15 16 |
---------------+-------------------------------------------------+-----
Fighting       | 3 4 5 10 13 | 13.9
Axes           | 3 4 6 7 8 |  8.0
Armour         | 5 6 7 10 | 10.5
Long Blades    | 6 8 9 12 14 | 14.0
Evocations     | 2 5 9 10 | 10.2
Shields        | 3 5 7 |  7.0
Invocations    | 9 10 14 | 14.1
Throwing       | 4 |  4.8
Dodging        | |  2.6

Action                   |  1- 3 |  4- 6 |  7- 9 | 10-12 | 13-15 | 16-18 || total
-------------------------+-------+-------+-------+-------+-------+-------++-------
Melee: War axe           |    63 |   186 |   208 |       |     4 |       ||   461
       Punch             |     2 |       |       |       |       |       ||     2
       Long sword        |       |       |    86 |   664 |  1160 |   371 ||  2281
       Scimitar          |       |       |       |       |    22 |       ||    22
 Fire: Longbow           |     1 |       |       |       |       |       ||     1
Throw: Throwing net      |     2 |     1 |       |     3 |       |       ||     6
       Javelin           |     1 |     4 |       |    13 |    14 |     6 ||    38
       Dart              |       |       |     1 |     6 |       |     1 ||     8
Invok: Minor Destruction |       |       |       |     6 |       |       ||     6
       Major Destruction |       |       |       |     3 |    35 |     3 ||    41
       Lesser Servant of |       |       |       |     1 |     6 |     1 ||     8
       Greater Servant o |       |       |       |       |       |     1 ||     1
 Abil: Evoke Blink       |       |       |       |     1 |       |     1 ||     2
Evoke: Wand              |       |       |       |     2 |     7 |     1 ||    10
  Use: Scroll            |       |     2 |    10 |     7 |    16 |     3 ||    38
       Potion            |       |       |       |     6 |     5 |     9 ||    20
 Stab: Held in net/web   |     2 |       |       |       |       |       ||     2
       Distracted        |       |       |       |     6 |    17 |     8 ||    31
       Petrified         |       |       |       |       |    13 |       ||    13
       Petrifying        |       |       |       |       |     1 |       ||     1
Armor: Leather armour    |    19 |       |       |       |       |       ||    19
       Ring mail         |    13 |       |       |       |       |       ||    13
       Scale mail        |       |    39 |       |       |       |       ||    39
       Chain mail        |       |    10 |       |       |       |       ||    10
       Plate armour      |       |    29 |   177 |   401 |   597 |   266 ||  1470
Dodge: Dodged            |    53 |   168 |   188 |   349 |   574 |   127 ||  1459
Block: Buckler           |       |    28 |    38 |       |       |       ||    66
       Kite shield       |       |       |    42 |   409 |   640 |   317 ||  1408
